 Dungeon Crawl Stone Soup version 0.31-a0-986-g5e6e4ef867 (webtiles) character file.

Game seed: 11559212942837762610

2205 Xavori the Ducker (level 9, 0/66 HPs)
             Began as a Djinni Chaos Knight on Nov 11, 2023.
             Was a Plaything of Xom.
             Slain by a killer bee (5 damage)
             ... on level 7 of the Dungeon.
             The game lasted 00:07:58 (14213 turns).

Xavori the Ducker (Djinni Chaos Knight)            Turns: 14213, Time: 00:08:00

Health: 0/66       AC:  7    Str: 17    XL:     9   Next: 60%
Gold:   222        EV: 15    Int: 19    God:    Xom [*.....] SH:  0 Dex: 18

rFire   + + +        a - +1 falchion (chaos)
rCold   x . .        (no shield)
rNeg    . . .        f - +0 leather armour of the Pleiades {rCorr Int+6 Stlth-}
rPois   ∞            y - +1 hat
rElec   .            v - +0 cloak
rCorr   +            h - +0 pair of gloves
SInv    .            (boots unavailable)
Will    .....        (no amulet) Stlth
                     d - +6 ring of strength
HPRegen 0.31/turn    (no ring)
MPRegen 0.00/turn

%: infuse magic (-1 HP)
@: flying
A: sickness immunity, fire resistance 3, cold vulnerability 1, float, innate
caster, HP casting, extra vitality 1, horns 1, screaming 1, no potion heal 1,
inability to drink after injury 1
a: Renounce Religion


You were on level 7 of the Dungeon.
You worshipped Xom.
You were a special plaything of Xom.
You visited 1 branch of the dungeon, and saw 7 of its levels.
You also visited: Sewer.

You collected 390 gold pieces.
You spent 168 gold pieces at shops.

Inventory:

Hand Weapons
 a - a +1 falchion of chaos (weapon)
Missiles
 m - a throwing net
Armour
 b - a +2 leather armour
 f - the +0 leather armour of the Pleiades (worn) {rCorr Int+6 Stlth-}
   (You bought it in a shop on level 4 of the Dungeon)

   Int+6:     It affects your intelligence (+6).
   rCorr:     It protects you from acid and corrosion.
   Stlth-:    It makes you less stealthy.
 h - a +0 pair of gloves (worn)
 o - a +0 kite shield
 v - a +0 cloak (worn)
 y - a +1 hat (worn)
Jewellery
 d - a +6 ring of strength (left hand)
Scrolls
 c - 2 scrolls of butterflies
 e - 2 scrolls of enchant weapon
 l - a scroll of vulnerability
 n - a scroll of silence
 p - 2 scrolls of immolation
 q - 3 scrolls of teleportation
 s - 4 scrolls of poison
 t - a scroll of revelation
 w - a scroll of fear
 x - 2 scrolls of brand weapon
Potions
 g - a potion of resistance {unknown}
 i - a potion of invisibility {unknown}
 j - 3 potions of berserk rage
 k - 3 potions of heal wounds {unknown}
 r - a potion of haste {unknown}
 u - a potion of curing {unknown}
 z - a potion of might


   Skills:
 + Level 5.8 Fighting
 + Level 5.3 Long Blades
 + Level 5.0 Armour
 + Level 5.9 Dodging
 - Level 1.6 Shields
 * Level 4.4 Spellcasting
 * Level 4.4 Conjurations
 * Level 4.4 Hexes
   Level 0.0 Charms
 * Level 4.4 Summonings
 * Level 4.4 Necromancy
 * Level 4.4 Translocations
 * Level 4.4 Transmutations
 * Level 4.4 Fire Magic
 * Level 4.4 Ice Magic
 * Level 4.4 Air Magic
 * Level 4.4 Earth Magic
 * Level 4.4 Poison Magic


You knew the following spells:

 Your Spells              Type           Power      Damage    Failure   Level
a - Magic Dart            Conj           84%        1d7       2%          1
b - Static Discharge      Conj/Air       42%        3-5/arc   3%          2
c - Teleport Other        Tloc           21%        N/A       8%          3
d - Summon Ice Beast      Ice/Summ       21%        N/A       26%         4
Your spell library was empty.

Dungeon Overview and Level Annotations

Branches:
Dungeon (7/15)             Temple (0/1) D:6           Sewer (visited)

Altars:
Fedhas
Nemelex Xobeh
The Shining One

Shops:
D:1 [   D:4 [   D:6 (


Innate Abilities, Weirdness & Mutations

You are immune to sickness and miasma.
You are immune to poison.
Your flesh is almost immune to the effects of heat. (rF+++)
You are vulnerable to cold. (rC-)
You float through the air rather than walking.
You learn spells naturally, not from books.
Your magical power is your life essence.
You have superior vitality. (+4 MHP)
You have a pair of small horns on your head.
You occasionally shout uncontrollably at your foes.
Potions are less effective at restoring your health.
You occasionally lose the ability to drink potions when taking damage.


Message History

* * * LOW HITPOINT WARNING * * *
The killer bee barely misses you.
The killer bee attacks as it pursues you!
The killer bee barely misses you. x2; The killer bee closely misses you.
Items here: ))))) [[ ††.
Items here: ))) [[ ††.
You hit the killer bee. You freeze the killer bee.
The killer bee is lightly wounded.
The killer bee stops glowing.
The killer bee stings you but does no damage.
The killer bee closely misses you.
You hit the killer bee.
You feel better.
The killer bee is moderately wounded.
The killer bee completely misses you. The killer bee stings you.
* * * LOW HITPOINT WARNING * * *
You miss the killer bee. Your headbutt misses the killer bee.
The killer bee is moderately wounded.
The killer bee closely misses you. The killer bee misses you.
You miss the killer bee. Your headbutt misses the killer bee.
The killer bee is moderately wounded.
The killer bee barely misses you. The killer bee stings you.
* * * LOW HITPOINT WARNING * * *
The killer bee attacks as it pursues you!
The killer bee stings you.
* * * LOW HITPOINT WARNING * * *
The killer bee barely misses you.
You aren't carrying any items that you can evoke.
Casting: Summon Ice Beast (quite dangerous; 26% risk of failure)
Confirm with . or Enter, or press ? or * to list all spells.
Okay, then.
Casting: Summon Ice Beast (quite dangerous; 26% risk of failure)
Confirm with . or Enter, or press ? or * to list all spells.
Aiming: Teleport Other (dangerous; 8% risk of failure)
Press: ? - help, Shift-Dir - straight line, f - killer bee
Aim: a killer bee (moderately wounded, chance to affect: 69%)
The killer bee looks slightly unstable.
* * * LOW HITPOINT WARNING * * *
The killer bee stings you.
You die...
Xom chuckles heartily!

#..~~.# ...≈≈.## #..≈≈.8#
#..≈≈## . #..≈≈# .. #####
#o.≈≈#g# ....# #..≈≈#####
###.###############..≈≈≈≈≈≈≈
..#.............@yy).≈≈≈≈≈≈≈
#.#################.........
..))<# #.......## #.####
######### ..# ###


You could see 2 killer bees.

Vanquished Creatures
  A yak (D:6)
  Eustachio (D:5)
  An orc warrior (D:7)
  Pargi (Sewer)
  A sky beast (D:5)
  2 ogres
  2 phantoms
  2 scorpions
  A killer bee (D:7)
  3 wights (D:7)
  A howler monkey (D:5)
  A vampire bat (D:3)
  An orc priest (D:4)
  A hound (D:5)
  Crazy Yiuf (D:4)
  A gnoll bouda (D:4)
  4 iguanas
  A sleepcap (D:4)
  3 orc wizards
  5 adders
  9 gnolls
  A river rat (D:3)
  2 ufetubi (D:5)
  5 worms
  A dart slug (D:4)
  2 fire bats (D:3)
  19 orcs
  2 spectral bats (D:3)
  22 bats
  3 bat skeletons (D:3)
  A bat zombie (D:3)
  9 endoplasms
  5 giant cockroaches
  11 goblins
  8 hobgoblins
  2 jackals (D:2)
  5 kobolds
  3 quokkas
  7 ball pythons
  A bat simulacrum (D:3)
  5 frilled lizards
  7 rats
164 creatures vanquished.

Vanquished Creatures (collateral kills)
  2 yaks (D:6)
2 creatures vanquished.

Grand Total: 166 creatures vanquished

Notes
Turn   | Place    | Note
-------+----------+-------------------------------------------
     0 | D:1      | Xavori the Djinni Chaos Knight began the quest for the Orb.
     0 | D:1      | Reached XP level 1. HP: 20/20 MP: 0/0
   119 | D:1      | Reached XP level 2. HP: 25/25 MP: 0/0
   175 | D:1      | XOM: silly message
   213 | D:1      | XOM: silly message
   336 | D:1      | XOM: silly message
   403 | D:1      | Found Veddypli's Antique Armour Shop.
   437 | D:1      | Reached XP level 3. HP: 30/30 MP: 0/0
   437 | D:1      | Learned a level 1 spell: Magic Dart
   556 | D:1      | XOM: cloud trail
   759 | D:1      | XOM: silly message
   820 | D:1      | XOM: silly message
   847 | D:1      | XOM: give mutations
   847 | D:1      | Gained mutation: You occasionally lose the ability to drink
                  | potions when taking damage. [Xom's mischief]
   847 | D:1      | Gained mutation: You have a pair of small horns on your
                  | head. [Xom's mischief]
   919 | D:1      | XOM: summons 1 hostile shadow creature
  1672 | D:1      | XOM: god gift: pair of gloves {god gift}
  3230 | D:1      | XOM: god gift: 7 stones
  4062 | D:1      | XOM: give mutation
  4062 | D:1      | Gained mutation: You are clumsy. (Dex -2) [Xom's mischief]
  4342 | D:1      | XOM: summons 2 hostile demons
  4541 | D:2      | XOM: 7-stop teleportation journey
  4607 | D:2      | Reached skill level 1 in Spellcasting
  4607 | D:2      | Reached skill level 1 in Conjurations
  4607 | D:2      | Reached skill level 1 in Hexes
  4607 | D:2      | Reached skill level 1 in Summonings
  4607 | D:2      | Reached skill level 1 in Necromancy
  4607 | D:2      | Reached skill level 1 in Translocations
  4607 | D:2      | Reached skill level 1 in Transmutations
  4607 | D:2      | Reached skill level 1 in Fire Magic
  4607 | D:2      | Reached skill level 1 in Ice Magic
  4607 | D:2      | Reached skill level 1 in Air Magic
  4607 | D:2      | Reached skill level 1 in Earth Magic
  4607 | D:2      | Reached skill level 1 in Poison Magic
  4660 | D:2      | Reached XP level 4. HP: 35/35 MP: 0/0
  5053 | D:2      | Reached XP level 5. HP: 16/40 MP: 0/0
  5053 | D:2      | Learned a level 2 spell: Static Discharge
  5636 | D:1      | XOM: give mutation
  6145 | D:1      | XOM: summons 3 hostile demons
  6836 | D:1      | XOM: give mutations
  6836 | D:1      | Gained mutation: Your spells are a little harder to cast,
                  | but a little more powerful. [Xom's mischief]
  6836 | D:1      | Gained mutation: Your mind is acute. (Int +4, Str/Dex -1)
                  | [Xom's mischief]
  6836 | D:1      | Gained mutation: Your flesh is almost immune to the effects
                  | of heat. (rF+++) [Xom's mischief]
  7094 | D:1      | XOM is BORED!
  7128 | D:1      | XOM: divination: detect creatures
  7772 | D:1      | XOM: stat loss: -1 Dex (11/12)
  8025 | D:1      | XOM: stat loss: -1 Str (9/10)
  8121 | D:1      | XOM: summons 2 hostile demons
  9954 | D:3      | Found a glowing golden altar of the Shining One.
 10170 | D:3      | Reached XP level 6. HP: 47/47 MP: 0/0
 10254 | D:3      | XOM: polymorph fire bat -> river rat
 10535 | D:4      | Reached XP level 7. HP: 50/52 MP: 0/0
 10535 | D:4      | Learned a level 3 spell: Teleport Other
 10636 | D:4      | Found Wepaufaw's Antique Armour Emporium.
 10731 | D:4      | XOM: smoke on damage
 10896 | D:4      | XOM: smoke on damage
 10976 | D:3      | XOM: give mutations
 10976 | D:3      | Lost mutation: You are clumsy. (Dex -2) [Xom's mischief]
 10976 | D:3      | Gained mutation: Armour fits poorly on your strangely
                  | shaped body. [Xom's mischief]
 10976 | D:3      | Lost mutation: Your spells are a little harder to cast, but
                  | a little more powerful. [Xom's mischief]
 11040 | D:4      | Found a glowing drain.
 11047 | Sewer    | Entered a sewer
 11154 | Sewer    | Noticed Pargi
 11156 | Sewer    | XOM: confusion
 11189 | Sewer    | Killed Pargi
 11522 | D:4      | Reached XP level 8. HP: 38/58 MP: 0/0
 11795 | D:4      | Found a runed translucent door.
 11796 | D:4      | Noticed Crazy Yiuf
 11917 | D:4      | XOM: give mutations
 11917 | D:4      | Gained mutation: Potions are less effective at restoring
                  | your health. [Xom's mischief]
 11917 | D:4      | Lost mutation: Armour fits poorly on your strangely shaped
                  | body. [Xom's mischief]
 12035 | D:4      | Killed Crazy Yiuf
 12287 | D:5      | Entered Level 5 of the Dungeon
 12407 | D:5      | XOM: silly message
 12456 | D:5      | XOM: draining
 12471 | D:5      | You are sucked into a shaft and drop 1 floor!
 12562 | D:6      | Found a blossoming altar of Fedhas.
 12658 | D:6      | Found a staircase to the Ecumenical Temple.
 12709 | D:5      | Reached skill level 5 in Fighting
 12805 | D:5      | Reached skill level 5 in Dodging
 12833 | D:5      | XOM: give mutations
 12833 | D:5      | Lost mutation: Your mind is acute. (Int +4, Str/Dex -1)
                  | [Xom's mischief]
 12833 | D:5      | Gained mutation: You occasionally shout uncontrollably at
                  | your foes. [Xom's mischief]
 12840 | D:5      | Noticed Eustachio
 12846 | D:5      | XOM: confuse monster(s)
 12847 | D:5      | XOM: cast spell 'Cause Fear'
 12866 | D:5      | XOM: summons friendly crimson imp
 12867 | D:5      | Killed Eustachio
 12876 | D:5      | Reached XP level 9. HP: 50/65 MP: 0/0
 12876 | D:5      | Learned a level 4 spell: Summon Ice Beast
 13266 | D:4      | Bought a faintly humming leather armour for 168 gold pieces
 13266 | D:4      | Identified the +0 leather armour of the Pleiades {rCorr
                  | Int+6 Stlth-} (You bought it in a shop on level 4 of the
                  | Dungeon)
 13356 | D:6      | Found Zenifej's Weapon Shoppe.
 13430 | D:6      | XOM: enchant monster (good)
 13435 | D:6      | XOM: summons friendly crimson imp
 13451 | D:6      | XOM: summons friendly crimson imp
 13452 | D:6      | Reached skill level 5 in Long Blades
 13452 | D:6      | Reached skill level 1 in Shields
 13455 | D:6      | XOM: cleaving
 13474 | D:6      | XOM: potion effect (berserk rage)
 13829 | D:6      | Found a sparkling altar of Nemelex Xobeh.
 13922 | D:6      | XOM: cloud trail
 14076 | D:7      | XOM: destruction
 14177 | D:7      | XOM: cleaving
 14193 | D:7      | Reached skill level 5 in Armour
 14197 | D:7      | XOM: swap monsters
 14203 | D:7      | XOM: fake destruction
 14213 | D:7      | Slain by a killer bee

Illustrated notes

Levels and vault maps discovered:
D:1:      dpeg_arrival_court, layout_basic, serial_shops, shop, st_stairs_14,
          corexii_item_surrounded_by_moat
D:2:      layout_basic
D:3:      layout_basic, nicolae_tso_swordbearing_angel, goddamned_bats
D:4:      layout_loops_ring, mainiacjoe_sewer_entry_somewhere_in_here_2,
          serial_shops, nicolae_shop_behind_doors, uniq_crazy_yiuf_cottage
D:5:      layout_basic, nrook_mini_backslash, uniq_eustachio
D:6:      layout_loops_cross, grunt_temple_overflow_growth_and_decay,
          overflow_temple_1_default, minmay_temple_entry_hall, serial_shops,
          shop
D:7:      layout_basic, serial_rivers, chequers_serial_rivers_small_b,
          chequers_serial_rivers_micro_e, chequers_serial_rivers_micro_b,
          chequers_serial_rivers_small_3, chequers_serial_rivers_small_a,
          gammafunk_ghost_gnarly_gnolls

Skill      XL: |  1  2  3  4  5  6  7  8  9 |
---------------+----------------------------+-----
Long Blades    | 3 4 5 |  5.3
Spellcasting   | 1 2 3 4 |  4.4
Conjurations   | 1 2 3 4 |  4.4
Hexes          | 1 2 3 4 |  4.4
Summonings     | 1 2 3 4 |  4.4
Necromancy     | 1 2 3 4 |  4.4
Translocations | 1 2 3 4 |  4.4
Transmutations | 1 2 3 4 |  4.4
Fire Magic     | 1 2 3 4 |  4.4
Ice Magic      | 1 2 3 4 |  4.4
Air Magic      | 1 2 3 4 |  4.4
Earth Magic    | 1 2 3 4 |  4.4
Poison Magic   | 1 2 3 4 |  4.4
Armour         | 2 3 4 5 |  5.0
Dodging        | 3 4 5 |  5.9
Fighting       | 4 5 |  5.8
Shields        | 1 |  1.6

Action                     |  1- 3 |  4- 6 |  7- 9 || total
---------------------------+-------+-------+-------++-------
  Melee: Falchion          |    94 |   160 |   289 ||   543
         Headbutt          |     3 |    37 |    50 ||    90
         Punch             |     1 |     3 |     7 ||    11
   Cast: Magic Dart        |       |       |    13 ||    13
         Static Discharge  |       |       |     7 ||     7
         Summon Ice Beast  |       |       |     3 ||     3
         Teleport Other    |       |       |     1 ||     1
    Use: Scroll            |       |       |    10 ||    10
         Potion            |       |       |     2 ||     2
   Stab: Sleeping          |       |     1 |     1 ||     2
         Petrified         |       |       |     2 ||     2
         Confused          |       |       |     1 ||     1
         Petrifying        |       |       |     1 ||     1
 Armour: Leather armour    |    62 |   159 |   224 ||   445
  Dodge: Dodged            |    60 |   175 |   273 ||   508

Table legend: (Time is in decaauts)
 A = Elapsed time spent in this place.
 B = Non-inter-level travel time spent in this place.
 C = Inter-level travel time spent in this place.
 D = Time resting spent in this place.
 E = Time spent auto-exploring this place.
 F = Levels seen in this place.
 G = Mean time per level.
                   A        B        C        D        E       F      G
               +--------+--------+--------+--------+--------+-----+--------+
         Total |  14288 |  13937 |    351 |   8746 |   3868 |   8 | 1786.0 |
       Dungeon |  13942 |  13591 |    351 |   8589 |   3774 |   7 | 1991.7 |
         Sewer |    345 |    345 |      0 |    157 |     94 |   1 |  345.0 |
               +--------+--------+--------+--------+--------+-----+--------+

Top non-repeatable levels by time:
     D:1: 7874 daAuts
     D:2: 1785 daAuts
     D:4: 1525 daAuts
     D:3: 936 daAuts
     D:5: 898 daAuts
     D:6: 764 daAuts
   Sewer: 345 daAuts
     D:7: 157 daAuts
